 Dungeon Crawl Stone Soup version 0.31-a0-588-g14bffd4ff3 (webtiles) character file.

Game seed: 15156923645801851732

19 AdnanSaban the Covered (level 2, -1/19 HPs)
             Began as a Gargoyle Fighter on Aug 19, 2023.
             Slain by a cerulean imp
             ... wielding a +1 spear
             ... summoned by Natasha
              (4 damage)
             ... on level 2 of the Dungeon.
             The game lasted 00:00:45 (575 turns).

AdnanSaban the Covered (Gargoyle Fighter)            Turns: 575, Time: 00:00:46

Health: -1/19      AC: 10    Str: 19    XL:     2   Next: 75%
Magic:  2/2        EV:  9    Int:  8    God:
Gold:   40         SH:  4    Dex:  9    Spells: 1/1 levels left

rFire   . . .        a - +0 flail
rCold   . . .        c - +0 buckler
rNeg    + . .        b - +0 scale mail
rPois   ∞            (no helmet)
rElec   +            h - +0 cloak
rCorr   .            (no gloves)
SInv    .            (no boots)
Will    .....        (no amulet) Stlth
                     (no ring)
HPRegen 0.23/turn    (no ring)
MPRegen 0.08/turn

%: no passive effects
@: slowed, very slow
A: sickness immunity, AC +2, negative energy resistance 1, electricity
resistance, torment resistance 1, petrification resistance
a: no special abilities


You were on level 2 of the Dungeon.
You visited 1 branch of the dungeon, and saw 2 of its levels.

You collected 40 gold pieces.

Inventory:

Hand Weapons
 a - a +0 flail (weapon)
Armour
 b - a +0 scale mail (worn)
 c - a +0 buckler (worn)
 h - a +0 cloak (worn)
Scrolls
 f - 2 scrolls of identify {unknown}
 g - 2 scrolls of acquirement {unknown}
 i - a scroll of teleportation {unknown}
Potions
 d - a potion of might
 e - a potion of curing {unknown}


   Skills:
 + Level 3.6 Fighting
 + Level 2.2 Maces & Flails
 + Level 3.6 Armour
 + Level 0.2 Dodging
 + Level 3.5 Shields


You had one spell level left.
You didn't know any spells.
Your spell library was empty.

Dungeon Overview and Level Annotations

Branches:
Dungeon (2/15)

Altars:

Annotations:
D:2 Natasha


Innate Abilities, Weirdness & Mutations

You are immune to sickness and miasma.
Your stone body is resilient. (AC +2)
You are immune to poison.
You resist negative energy. (rN+)
You are resistant to electric shocks. (rElec)
You are resistant to unholy torment.
You are immune to petrification.


Message History

Natasha claws you but does no damage.
The cerulean imp hits you but does no damage.
Natasha closely misses you.
You barely miss Natasha.
Natasha is moderately wounded.
You block the cerulean imp's attack.
Natasha wildly gestures.
Natasha's front paws start to glow.
Natasha completely misses you.
You thump Natasha!
Natasha is severely wounded.
You block the cerulean imp's attack. Natasha claws you.
The cerulean imp hits you but does no damage.
You hit Natasha.
Natasha is almost dead.
Natasha barely misses you.
The cerulean imp hits you but does no damage.
Natasha casts a spell.
You closely miss Natasha.
Natasha is almost dead.
The cerulean imp barely misses you. Natasha casts a spell at you.
The magic dart hits you.
* * * LOW HITPOINT WARNING * * *
The cerulean imp closely misses you.
You completely miss Natasha.
Natasha is almost dead.
The cerulean imp hits you with a +1 spear.
* * * LOW HITPOINT WARNING * * *
Natasha stares at you and mumbles some strange words.
You feel yourself slow down.
The cerulean imp hits you but does no damage.
You closely miss Natasha.
Natasha is almost dead.
The cerulean imp hits you but does no damage.
Natasha claws you but does no damage.
The cerulean imp hits you from afar with a +1 spear.
* * * LOW HITPOINT WARNING * * *
The cerulean imp hits you with a +1 spear.
You die...

#### #+ #...#### #.
###...+..### #5
+.....#....# #h###
#....<..#.# #5@.#
##...#.##.#####.#
+........#'#.....#
#............#####
#...............#
#...........#......
#...........#......
#...........##....^
.........# .....


You could see Natasha and 2 cerulean imps.

Vanquished Creatures
  2 endoplasms (D:1)
  A giant cockroach (D:1)
  3 goblins (D:1)
  2 hobgoblins (D:1)
  A quokka (D:1)
  A ball python (D:1)
  2 bats (D:1)
  3 frilled lizards (D:1)
  2 kobolds (D:1)
  A rat (D:2)
18 creatures vanquished.

Notes
Turn   | Place    | Note
-------+----------+-------------------------------------------
     0 | D:1      | AdnanSaban the Gargoyle Fighter began the quest for the
                  | Orb.
     0 | D:1      | Reached XP level 1. HP: 14/14 MP: 1/1
   196 | D:1      | Reached XP level 2. HP: 19/19 MP: 2/2
   562 | D:2      | Noticed Natasha
   575 | D:2      | Slain by a cerulean imp

Illustrated notes

Levels and vault maps discovered:
D:1:      dpeg_arrival_erosion, layout_rooms
D:2:      layout_basic, uniq_natasha, uniq_robin

Action                     || total
---------------------------++-------
  Melee: Flail             ||    88
 Armour: Scale mail        ||    76
  Dodge: Dodged            ||    59
  Block: Buckler           ||    27

Table legend: (Time is in decaauts)
 A = Elapsed time spent in this place.
 B = Non-inter-level travel time spent in this place.
 C = Inter-level travel time spent in this place.
 D = Time resting spent in this place.
 E = Time spent auto-exploring this place.
 F = Levels seen in this place.
 G = Mean time per level.
                   A        B        C        D        E       F      G
               +--------+--------+--------+--------+--------+-----+--------+
         Total |    602 |    600 |      2 |      0 |    414 |   2 |  301.0 |
       Dungeon |    602 |    600 |      2 |      0 |    414 |   2 |  301.0 |
               +--------+--------+--------+--------+--------+-----+--------+

Top non-repeatable levels by time:
     D:1: 569 daAuts
     D:2: 33 daAuts
